 Dungeon Crawl Stone Soup version 0.32-a0-22-g6ae6769602 (webtiles) character file.

Game seed: 1052835098770964278

1914 Curundu the Cleaver (level 8, -7/64 HPs)
             Began as a Minotaur Berserker on Jan 18, 2024.
             Was a Priest of Trog.
             Mangled by an ice beast (14 damage)
             ... on level 6 of the Dungeon.
             The game lasted 00:16:20 (4318 turns).

Curundu the Cleaver (Minotaur Berserker)            Turns: 4318, Time: 00:16:21

Health: -7/64      AC: 13    Str: 24    XL:     8   Next: 95%
Magic:  7/7        EV:  9    Int:  4    God:    Trog [***...]
Gold:   283        SH:  0    Dex: 10    Spells: 7/7 levels left

rFire   . . .        g - +1 war axe
rCold   . . .        (no shield)
rNeg    . . .        i - +0 chain mail
rPois   .            n - +0 hat
rElec   .            (no cloak)
rCorr   .            p - +0 pair of gloves
SInv    .            d - +2 pair of boots
Will    .....        (no amulet) Stlth
                     (no ring)
HPRegen 0.30/turn    (no ring)
MPRegen 0.10/turn

%: no passive effects
@: no status effects
A: horns 2, retaliatory headbutt
a: Renounce Religion, Berserk, Trog's Hand


You were on level 6 of the Dungeon.
You worshipped Trog.
Trog was most pleased with you.
You visited 2 branches of the dungeon, and saw 7 of its levels.

You collected 283 gold pieces.

Inventory:

Hand Weapons
 g - a +1 war axe (weapon)
Missiles
 o - 3 throwing nets
 u - 3 boomerangs
 w - 5 javelins (quivered)
Armour
 d - a +2 pair of boots (worn)
 i - a +0 chain mail (worn)
 n - a +0 hat (worn)
 p - a +0 pair of gloves (worn)
Wands
 v - a wand of polymorph (13)
Scrolls
 b - a scroll of silence
 m - 2 scrolls of identify
 q - 4 scrolls of teleportation
 t - a scroll of fear {unknown}
 x - a scroll of revelation {unknown}
Potions
 a - 2 potions of might {unknown}
 c - 2 potions of mutation
 e - 6 potions of curing
 f - 2 potions of haste {unknown}
 h - a potion of cancellation {unknown}
 j - a potion of magic {unknown}
 k - 3 potions of lignification
 l - 2 potions of enlightenment {unknown}
 r - 2 potions of attraction
 s - a potion of brilliance {unknown}
 z - 2 potions of heal wounds {unknown}


   Skills:
 - Level 3.6 Fighting
 + Level 14.1 Axes
 - Level 2.4 Armour
 - Level 2.1 Dodging


You had 7 spell levels left.
You didn't know any spells.
Your spell library was empty.

Dungeon Overview and Level Annotations

Branches:
Dungeon (6/15)             Temple (1/1) D:5

Altars:
Ashenzari
Cheibriados
Fedhas
Gozag
Kikubaaqudgha
Makhleb
Nemelex Xobeh
Okawaru
Sif Muna
Trog
Uskayaw
Vehumet
Wu Jian
Xom
Yredelemnul
Zin
The Shining One

Shops:
D:3 !


Innate Abilities, Weirdness & Mutations

You have a pair of horns on your head.
You reflexively headbutt those who attack you in melee.


Message History

You are engulfed in a cloud of scalding steam.
You barely miss the steam dragon. You headbutt the steam dragon!
The steam dragon is moderately wounded.
You are engulfed in a cloud of scalding steam.
You hit the steam dragon but do no damage.
Your headbutt misses the steam dragon.
The steam dragon is moderately wounded.
You are engulfed in a cloud of scalding steam.
The steam dragon bites you. The steam dragon barely misses you.
You slash the steam dragon!
You headbutt the steam dragon, but do no damage.
The steam dragon is severely wounded.
You slash the orc!
You kill the orc!
Trog accepts your kill.
You are engulfed in a cloud of scalding steam.
The steam dragon breathes steam at you. The ball of steam hits you!
You slash the steam dragon!
You kill the steam dragon!
Trog accepts your kill.
Your Axes skill increases to level 14!
You slash the ice beast! Your headbutt misses the ice beast.
The ice beast is heavily wounded.
The ice beast hits you but does no damage.
You barely miss the ice beast.
The ice beast is heavily wounded.
You hit the ice beast.
The ice beast is heavily wounded.
The ice beast hits you.
* * * LOW HITPOINT WARNING * * *
The ice beast freezes you!
* * * LOW HITPOINT WARNING * * *
You slash the ice beast!
You headbutt the ice beast, but do no damage.
The ice beast is almost dead.
The ice beast hits you.
* * * LOW HITPOINT WARNING * * *
The ice beast freezes you!
You die...

......# ......#
########.# ......#
.......... ......#
.....?...# ......#
.........# ......#
.........# ......#
......... ......# #..)Y#
......# #.@#
......#########§.#
......#......##§§#######
......# #.....#§§......#
###+### ...............#
..# ####...........# ###
+..............# ....#.
###............# ###...
#............#


You could see an ice beast.

Vanquished Creatures
  Grinder (D:5)
  Sigmund (D:2)
  A steam dragon (D:6)
  2 black bears (D:6)
  2 ice beasts (D:5)
  The ghost of gebbletook2 the Insei, an amateur OpSh (D:3)
  2 phantoms
  3 scorpions
  4 bombardier beetles
  A hound (D:5)
  A gnoll bouda (D:6)
  2 jellies
  An orc priest (D:6)
  5 iguanas
  3 adders
  9 gnolls (D:6)
  A white imp (D:6)
  3 dart slugs (D:1)
  3 ribbon worms (D:2)
  11 orcs
  14 endoplasms
  7 giant cockroaches
  7 goblins
  5 hobgoblins
  2 jackals (D:1)
  16 kobolds
  5 quokkas
  7 ball pythons
  4 bats
  3 frilled lizards
  5 rats
132 creatures vanquished.

Notes
Turn   | Place    | Note
-------+----------+-------------------------------------------
     0 | D:1      | Curundu the Minotaur Berserker began the quest for the Orb.
     0 | D:1      | Reached XP level 1. HP: 19/19 MP: 0/0
    66 | D:1      | Reached skill level 4 in Axes
   132 | D:1      | Reached XP level 2. HP: 26/26 MP: 1/1
   315 | D:1      | Reached ** piety under Trog
   316 | D:1      | Reached skill level 5 in Axes
   320 | D:1      | Reached XP level 3. HP: 18/31 MP: 2/2
  1052 | D:2      | Noticed Sigmund
  1067 | D:2      | Killed Sigmund
  1068 | D:2      | Reached skill level 7 in Axes
  1068 | D:2      | Reached XP level 4. HP: 18/39 MP: 3/3
  1068 | D:2      | Reached XP level 5. HP: 21/45 MP: 4/4
  1397 | D:2      | Identified the +0 robe of Pofet {Fly rN+ Will++ Archmagi}
  1742 | D:3      | Found a faded altar of an unknown god.
  1778 | D:3      | Reached skill level 8 in Axes
  1844 | D:3      | Found Riommox's Distillery.
  1918 | D:3      | Noticed gebbletook2's ghost (amateur OpSh)
  1922 | D:3      | Found a runed translucent door.
  2185 | D:3      | Reached *** piety under Trog
  2192 | D:3      | Found a bloodstained altar of Trog.
  2192 | D:3      | Found an opulent altar of Gozag.
  2192 | D:3      | Found a hide-covered altar of Uskayaw.
  2192 | D:3      | Found a blossoming altar of Fedhas.
  2192 | D:3      | Found an ornate altar of the Wu Jian Council.
  2192 | D:3      | Found an iron altar of Okawaru.
  2198 | D:3      | Reached XP level 6. HP: 49/51 MP: 5/5
  2512 | D:3      | Killed gebbletook2's ghost
  2513 | D:3      | Reached skill level 9 in Axes
  2698 | D:4      | Reached XP level 7. HP: 51/57 MP: 6/6
  3229 | D:5      | Entered Level 5 of the Dungeon
  3232 | D:5      | Found a staircase to the Ecumenical Temple.
  3243 | D:5      | Reached skill level 10 in Axes
  3286 | Temple   | Entered the Ecumenical Temple
  3451 | D:5      | Reached skill level 11 in Axes
  3558 | D:5      | Reached XP level 8. HP: 61/64 MP: 7/7
  3561 | D:5      | Noticed Grinder
  3574 | D:5      | Killed Grinder
  3575 | D:5      | Reached skill level 12 in Axes
  3879 | D:5      | Found an ornate altar of the Wu Jian Council.
  4078 | D:6      | Reached skill level 13 in Axes
  4315 | D:6      | Reached skill level 14 in Axes
  4318 | D:6      | Mangled by an ice beast

Illustrated notes

Levels and vault maps discovered:
D:1:      minmay_arrival_nine_rooms, layout_basic
D:2:      layout_basic, uniq_sigmund
D:3:      cheibrodos_fertilizer, layout_loops_ring, serial_shops, shop,
          hellmonk_ghost_happy_afterlife, chequers_ecumenical_altar_simple,
          minmay_misc_feat_alley
D:4:      layout_cave_pools
D:5:      layout_rooms, mainiacjoe_overflow_brackets,
          minmay_temple_entry_arrows, uniq_grinder
D:6:      layout_basic, minmay_misc_feat_tower
Temple:   nicolae_temple_elliptical

Skill      XL: |  1  2  3  4  5  6  7  8 |
---------------+-------------------------+-----
Axes           | 4 5 7 8 9 11 14 | 14.1
Fighting       | |  3.6
Armour         | |  2.4
Dodging        | |  2.1

Action                     |  1- 3 |  4- 6 |  7- 9 || total
---------------------------+-------+-------+-------++-------
  Melee: Hand axe          |    45 |       |       ||    45
         Headbutt          |     7 |    10 |    20 ||    37
         War axe           |    28 |    69 |   131 ||   228
         Punch             |       |     2 |     1 ||     3
  Throw: Javelin           |       |       |     9 ||     9
         Throwing net      |       |       |     3 ||     3
 Invoke: Trog's Hand       |     1 |     1 |     2 ||     4
         Berserk           |     1 |     1 |     1 ||     3
    Use: Scroll            |     1 |     6 |     3 ||    10
 Armour: Animal skin       |    54 |     6 |       ||    60
         Chain mail        |       |    48 |    81 ||   129
         Skin              |       |       |    15 ||    15
  Dodge: Dodged            |    60 |    30 |    50 ||   140

Table legend: (Time is in decaauts)
 A = Elapsed time spent in this place.
 B = Non-inter-level travel time spent in this place.
 C = Inter-level travel time spent in this place.
 D = Time resting spent in this place.
 E = Time spent auto-exploring this place.
 F = Levels seen in this place.
 G = Mean time per level.
                   A        B        C        D        E       F      G
               +--------+--------+--------+--------+--------+-----+--------+
         Total |   4357 |   4357 |      0 |    205 |   2787 |   7 |  622.4 |
       Dungeon |   4215 |   4215 |      0 |    205 |   2787 |   6 |  702.5 |
        Temple |    141 |    141 |      0 |      0 |      0 |   1 |  141.0 |
               +--------+--------+--------+--------+--------+-----+--------+

Top non-repeatable levels by time:
     D:3: 983 daAuts
     D:1: 879 daAuts
     D:2: 802 daAuts
     D:5: 628 daAuts
     D:4: 597 daAuts
     D:6: 324 daAuts
  Temple: 141 daAuts
